 Dungeon Crawl Stone Soup version 0.27.1-1-g398f81649c (webtiles) character file.

Game seed: 9728325025354631873

380 Thatpatchoflichen the Insei (level 6, 0/51 HPs)
             Began as a Draconian Transmuter on Sept 6, 2021.
             Slain by a hornet (13 damage)
             ... on level 7 of the Dungeon.
             The game lasted 00:10:06 (4556 turns).

Thatpatchoflichen the Insei (Draconian Transmuter)  Turns: 4556, Time: 00:10:07

Health: 0/51       AC:  7    Str: 24    XL:     6   Next: 46%
Magic:  8/9        EV: 13    Int: 15    God:
Gold:   192        SH:  5    Dex: 12    Spells: 6/9 levels left

rFire    . . .     SeeInvis .     - Unarmed
rCold    . . .     Faith    .   (no shield)
rNeg     . . .     Spirit   .   (armour unavailable)
rPois    .         Reflect  +   (helmet currently unavailable)
rElec    .         Harm     .   (no cloak)
rCorr    .         Rampage  .   l - +0 pair of gloves
Will     .....                  (boots currently unavailable)
Stlth    +.........             w - amulet of reflection
HPRegen  0.17/turn              f - +6 ring of strength
MPRegen  0.11/turn              y - +6 ring of strength

@: lethally poisoned (0 -> -8), appendages (expiring), slowed, very slow
A: horns 2, talons 2, AC +6, unfitting armour, cold-blooded
a: End Transformation


You were on level 7 of the Dungeon.
You had temporarily grown beastly horns and talons.
You visited 1 branch of the dungeon, and saw 6 of its levels.

You collected 192 gold pieces.

Inventory:

Missiles
 g - 4 atropa-tipped darts
 i - 80 stones
 k - 10 boomerangs
 t - 29 sling bullets
 x - 45 arrows
 A - 18 poisoned darts
Armour
 l - a +0 pair of gloves (worn)
Jewellery
 b - an amulet of faith
 f - a +6 ring of strength (left hand)
 w - an amulet of reflection (around neck)
 y - a +6 ring of strength (right hand)
 z - an amulet of magic regeneration
Wands
 s - a wand of iceblast (8)
Scrolls
 h - 2 scrolls of teleportation {unknown}
 j - 2 scrolls of fog {unknown}
 r - a scroll of amnesia {unknown}
 u - a scroll of magic mapping {unknown}
 v - a scroll of identify {unknown}
Potions
 a - a potion of cancellation {unknown}
 c - 2 potions of magic {unknown}
 d - a potion of mutation {unknown}
 e - a potion of lignification {unknown}
 m - a potion of degeneration {unknown}
 n - a potion of heal wounds {unknown}
 o - a potion of resistance {unknown}
 p - a potion of berserk rage {unknown}
 q - 2 potions of curing {unknown}


   Skills:
 + Level 3.6 Fighting
 + Level 3.4 Dodging
 - Level 4.0 Unarmed Combat
 - Level 2.0 Spellcasting
 + Level 3.7 Transmutations
 + Level 2.0 Ice Magic


You had 6 spell levels left.
You knew the following spells:

 Your Spells              Type           Power      Damage    Failure   Level
a - Beastly Appendage     Tmut           24%        N/A       4%          1
b - Wereblood             Tmut           12%        N/A       8%          2

Your spell library contained the following spells:

 Spells                   Type           Power      Damage    Failure   Level
 Spider Form              Tmut/Pois      3%         N/A       30%         3
 Ice Form                 Ice/Tmut       10%        N/A       56%         4


Dungeon Overview and Level Annotations

Branches:
Dungeon (5/15)
 Temple: D:4-7

Altars:
Uskayaw


Innate Abilities, Weirdness & Mutations

You have temporarily grown beastly horns and talons.
Your plain brown scales are hard. (AC +6)
You cannot fit into any form of body armour.
You are cold-blooded and may be slowed by cold attacks.


Message History

The shaft crumbles and collapses.
You hear the roar of battle.
There is an entrance to a bailey on this level.
Hurry and find it before the portal closes forever!
A hornet and a necrophage come into view.
The hornet buzzes angrily.
Casting: Beastly Appendage (safe; 4% risk of failure)
Press: ? - help, Q - select action, (/) - cycle Dir - look around, f - activate You grow a pair of large bovine horns.
Your feet morph into talons.
You closely miss the hornet.
You tail-slap the hornet, but do no damage.
You block the hornet's attack.
You miss the hornet. You claw the hornet. Your headbutt misses the hornet.
The hornet is lightly wounded.
You block the hornet's attack. The hornet stings you.
You are poisoned.
You suddenly lose the ability to move!
You can move again.
You miss the hornet. Your headbutt misses the hornet.
The hornet is lightly wounded.
You feel sick. The hornet stings you!
You feel yourself slow down.
The necrophage hits you but does no damage.
You hit the hornet but do no damage. You claw the hornet, but do no damage.
The hornet is lightly wounded.
You feel very sick. The hornet misses you. The hornet stings you!
You are more poisoned.
You feel as though you will be slow longer.
The necrophage completely misses you.
You feel very sick. You block the hornet's attack.
The hornet barely misses you.
You miss the hornet.
Your tail-slap misses the hornet.
The hornet is lightly wounded.
Your transformation is almost over.
You feel very sick. The necrophage closely misses you. The hornet stings you.
You feel as though you will be slow longer.
The necrophage hits you.
* * * LOW HITPOINT WARNING * * *
The hornet stings you!
You die...

## .##
####..###
##.......#.
#..@.......
#..yn......
#...........
###.........
........##
...#.......
.... #.....⌠
..##. #.....
#.. #. ...##


You could see a hornet and a necrophage.

Vanquished Creatures
  An ogre (D:4)
  A scorpion (D:4)
  A howler monkey (D:3)
  An orc priest (D:2)
  A jelly (D:4)
  5 adders (D:3)
  A white imp (D:4)
  2 worms
  2 dart slugs (D:3)
  11 orcs
  9 endoplasms
  2 giant cockroaches
  7 goblins
  6 hobgoblins
  2 jackals (D:1)
  8 kobolds
  A quokka (D:3)
  3 ball pythons
  7 bats
  3 frilled lizards
  2 rats
76 creatures vanquished.

Notes
Turn   | Place    | Note
-------+----------+-------------------------------------------
     0 | D:1      | Thatpatchoflichen the Draconian Transmuter began the quest
                  | for the Orb.
     0 | D:1      | Reached XP level 1. HP: 16/16 MP: 3/3
   131 | D:1      | Reached XP level 2. HP: 17/23 MP: 3/5
   225 | D:1      | Found a faded altar of an unknown god.
   616 | D:1      | Learned a level 2 spell: Wereblood
  1217 | D:2      | Reached XP level 3. HP: 19/29 MP: 2/6
  2109 | D:2      | Reached XP level 4. HP: 17/37 MP: 7/7
  3102 | D:3      | Reached XP level 5. HP: 37/42 MP: 8/8
  3543 | D:4      | Reached skill level 1 in Ice Magic
  3809 | D:3      | Reached skill level 4 in Unarmed Combat
  3809 | D:3      | Reached XP level 6. HP: 37/51 MP: 9/9
  4285 | D:4      | Found a hide-covered altar of Uskayaw.
  4467 | D:5      | Entered Level 5 of the Dungeon
  4514 | D:5      | Noticed a two-headed ogre
  4549 | D:5      | You fall into a shaft and drop 2 floors!
  4549 | D:7      | Noticed a hornet
  4552 | D:7      | Paralysed by a hornet for 1 turns
  4556 | D:7      | Slain by a hornet

Illustrated notes

Levels and vault maps discovered:
D:1:      heliophobic_arrival_battle_scene, layout_basic,
          ebering_ecumenical_altar_box
D:2:      layout_loops_ring
D:3:      layout_loops_ring, lightli_corner_chamber
D:4:      layout_cave_pools, nicolae_uskayaw_dance_hall
D:5:      layout_basic, trog_ov_bears_minmay, hangedman_decor_riveting,
          fountainhead, minmay_misc_feat_ornament, lightli_minifort
D:7:      layout_cave_pools, minmay_temple_entry_junction_2, enter_bailey_5,
          st_stairs_1, worms_lemuel, uniq_joseph

Skill      XL: |  1  2  3  4  5  6 |
---------------+-------------------+-----
Dodging        | 2 3 |  3.4
Fighting       | 2 3 |  3.6
Transmutations | 3 |  3.7
Ice Magic      | 1 2 |  2.0
Unarmed Combat | 4 |  4.0
Spellcasting   | |  2.0

Action                   |  1- 3 |  4- 6 || total
-------------------------+-------+-------++-------
Melee: Unarmed           |   122 |   111 ||   233
       Headbutt          |    13 |    12 ||    25
       Kick              |    17 |    22 ||    39
       Tailslap          |    11 |     8 ||    19
       Punch             |       |     3 ||     3
 Cast: Beastly Appendage |    17 |    18 ||    35
       Wereblood         |     3 |     1 ||     4
 Stab: Sleeping          |       |     1 ||     1
Armor: Skin              |    51 |    35 ||    86
Dodge: Dodged            |    97 |    59 ||   156
Block: Other             |       |    12 ||    12
